 Dungeon Crawl Stone Soup version 0.16-a0-3149-g1169300 (webtiles) character file.

3908 Gorice the Carver (level 10, 0/70 HPs)
             Began as a Demonspawn Wanderer on Dec 14, 2014.
             Was an Initiate of Kikubaaqudgha.
             Slain by an efreet
             ... wielding a +4 scimitar of flaming
              (2 damage)
             ... on level 1 of the Abyss.
             The game lasted 01:05:29 (9925 turns).

Gorice the Carver (Demonspawn Wanderer)             Turns: 9925, Time: 01:05:31

Health: 0/70       AC: 22    Str: 21    XL:     10   Next: 1%
Magic:  10/10      EV:  6    Int: 12    God:    Kikubaaqudgha [......]
Gold:   635        SH:  2    Dex: 14    Spells: 0 memorised, 9 levels left

rFire  . . .     SeeInvis .     e - +1 rapier (elec)
rCold  . . .     Clarity  .     A - +0 plate armour
rNeg   . . .     SustAb   .     (no shield)
rPois  .         Gourm    .     y - +2 helmet
rElec  .         Spirit   .     B - +0 cloak
rCorr  +         Warding  .     J - +0 pair of gloves
rMut   .         Stasis   .     t - +0 pair of boots
MR     .....                    v - amulet of resist corrosion
Stlth  ..........               F - +5 ring of strength
                                (no ring)

@: about to teleport, very slightly contaminated, hasted, very quick, not
resistant to hostile enchantments, extremely unstealthy
A: talons 1, large bone plates 1, powered by pain 3
a: Renounce Religion


You were on level 1 of the Abyss.
You worshipped Kikubaaqudgha.
Kikubaaqudgha was noncommittal.
You were hungry.

You visited 2 branches of the dungeon, and saw 10 of its levels.
You visited the Abyss 1 time.

You collected 679 gold pieces.
You spent 44 gold pieces at shops.

Inventory:

Hand weapons
 a - a +2 falchion of pain
 d - a +2 dagger of venom
 e - a +1 rapier of electrocution (weapon)
 l - a +0 hunting sling
 q - a +0 blowgun
Missiles
 k - 6 tomahawks
 p - a tomahawk of returning (quivered)
 Z - 330 stones
Armour
 t - a +0 pair of boots (worn)
 y - a +2 helmet (worn)
 A - a +0 plate armour (worn)
 B - a +0 cloak (worn)
 J - a +0 pair of gloves (worn)
 O - a +1 robe of cold resistance
 Q - a cursed +0 scale mail
Jewellery
 n - an uncursed ring of ice
 o - an uncursed ring of see invisible
 v - an amulet of resist corrosion (around neck)
 z - a +4 ring of intelligence
 F - a +5 ring of strength (right hand)
 K - an uncursed ring of invisibility
 R - an uncursed ring of poison resistance
Magical devices
 D - a wand of frost (39)
 I - a wand of disintegration (6)
Scrolls
 c - 4 scrolls of teleportation
 r - a scroll of amnesia
 s - a scroll of remove curse
 x - a scroll of fog
 S - a scroll of identify
 T - a scroll of summoning {unknown}
Potions
 b - 3 potions of curing
 h - a potion of lignification {unknown}
 i - 2 potions of ambrosia
 j - a potion of haste
 m - a potion of brilliance {unknown}
 u - 2 potions of invisibility
 G - a potion of cure mutation {unknown}
 H - a potion of flight {unknown}
 M - a potion of cancellation {unknown}
 N - a potion of might
 P - a potion of restore abilities {unknown}
Books
 C - a book of Fire

   Spells                             Type                      Level
   a - Ignite Poison                  Fire/Transmutation           5
   b - Fireball                       Conjuration/Fire             5
   c - Bolt of Fire                   Conjuration/Fire             6
   d - Delayed Fireball               Conjuration/Fire             7
   e - Ring of Flames                 Charms/Fire                  7
Miscellaneous
 L - a lantern of shadows
Comestibles
 f - 8 bread rations
 g - 5 meat rations
 w - a royal jelly


   Skills:
 - Level 3.0 Fighting
 + Level 10.5 Long Blades
   Level 1.0 Maces & Flails
 - Level 1.0 Throwing
 + Level 7.3 Armour
 - Level 1.7 Stealth
 + Level 4.6 Necromancy


You had 9 spell levels left.
You didn't know any spells.

Dungeon Overview and Level Annotations

Branches:
Dungeon (9/15)             Temple (1/1) D:7
   Lair: D:8-11         Orc: D:9-12

Altars:
Ashenzari
Cheibriados
Dithmenos
Elyvilon
Fedhas
Gozag
Kikubaaqudgha
Makhleb
Nemelex Xobeh
Okawaru
Qazlal
Ru
Sif Muna
Trog
Vehumet
Xom
Yredelemnul
Zin
The Shining One
Lugonu

Shops:
D:8 ?

Annotations:
D:9 Erolcha


Innate Abilities, Weirdness & Mutations

You have sharp toenails.
You are partially covered in large bone plates (AC +2, SH +2).
You are powered by pain.


Message History

You barely miss the efreet. The efreet gestures at you.
The bolt of fire hits you!
You hit the efreet.
The efreet is lightly wounded.
You hit the efreet.
The efreet is lightly wounded.
The efreet gestures at you.
The fireball explodes!
The fireball engulfs you!
* * * LOW HITPOINT WARNING * * *
The fireball engulfs the efreet.
The efreet completely resists.
You hit the efreet but do no damage.
The efreet is lightly wounded.
You hit the efreet.
The efreet is moderately wounded.
The efreet hits you with a scimitar of flaming.
* * * LOW HITPOINT WARNING * * *
The efreet burns you.
You die...
Kikubaaqudgha rasps: "You have failed me!
Welcome... death!"

. .. ### .
.... ##. #
.#. ≈≈ ...#
#.# ..#.#.# ≈
#.....#.##
.#....#
#..R##.......
≈
####@..#.#.#
# ##.#..# .##
### #.# ..
##.... . #...
... # ## ###
. #.# #


You could see an efreet.

Vanquished Creatures
  3 large abominations (Abyss:1)
  A ynoxinul (Abyss:1)
  Eustachio (D:5)
  2 orc warriors
  A sky beast (Abyss:1)
  A phantom (D:4)
  An ogre (D:8)
  A centaur (D:5)
  A big kobold (D:7)
  6 giant frogs
  A gnoll sergeant (D:3)
  Blork the orc (D:5)
  2 scorpions (D:5)
  4 crimson imps
  4 wights (D:9)
  5 hounds
  2 jellies
  8 orc priests
  7 orc wizards
  Natasha (twice) (D:4)
  4 worker ants
  3 iguanas
  Ijyb (D:5)
  A hound zombie (D:5)
  Robin (D:4)
  A worker ant zombie (D:5)
  5 gnolls
  7 adders
  A river rat (D:5)
  2 shadow imps
  A giant mite (D:3)
  An ufetubus (Abyss:1)
  3 worms
  2 adder zombies
  An adder skeleton (D:4)
  5 giant geckos
  An ooze (D:1)
  21 orcs
  9 bats
  A bat zombie (D:8)
  7 giant cockroaches
  20 hobgoblins
  17 kobolds
  2 quokkas (D:5)
  2 ball pythons (D:1)
  3 giant newts
  21 goblins
  11 jackals
  10 rats
218 creatures vanquished.

Vanquished Creatures (others)
  A goblin (D:7)
1 creature vanquished.

Grand Total: 219 creatures vanquished

Notes
Turn   | Place    | Note
--------------------------------------------------------------
     0 | D:1      | Gorice, the Demonspawn Wanderer, began the quest for the Orb.
     0 | D:1      | Gorice set off with: a +2 falchion, a potion of curing, a scroll of teleportation, a +0 robe, a +0 dagger, a bread ration
     0 | D:1      | Reached XP level 1. HP: 18/18 MP: 1/1
   371 | D:1      | Gained mutation: You have sharp toenails. [demonic ancestry]
   371 | D:1      | Reached XP level 2. HP: 24/24 MP: 2/2
  1265 | D:1      | Reached XP level 3. HP: 29/29 MP: 3/3
  2277 | D:3      | Reached skill level 4 in Long Blades
  2277 | D:3      | Reached skill level 1 in Armour
  2344 | D:3      | Gained mutation: You sometimes gain a little power by taking damage. [demonic ancestry]
  2344 | D:3      | Reached XP level 4. HP: 35/35 MP: 4/4
  2840 | D:3      | Gained mutation: You sometimes gain power by taking damage. [demonic ancestry]
  2840 | D:3      | Reached XP level 5. HP: 41/41 MP: 5/5
  3033 | D:3      | Noticed a gnoll sergeant
  3187 | D:3      | Killed a gnoll sergeant
  3187 | D:3      | Reached skill level 5 in Long Blades
  3296 | D:3      | Found a snail-covered altar of Cheibriados.
  3486 | D:3      | Found a shadowy altar of Dithmenos.
  3493 | D:3      | Found a sacrificial altar of Ru.
  3498 | D:3      | Found a white marble altar of Elyvilon.
  3594 | D:3      | Gained mutation: You are powered by pain. [demonic ancestry]
  3594 | D:3      | Reached XP level 6. HP: 47/47 MP: 6/6
  3904 | D:4      | Found an opulent altar of Gozag.
  4032 | D:4      | Found a snail-covered altar of Cheibriados.
  4316 | D:4      | Noticed Robin
  4324 | D:4      | Killed Robin
  4578 | D:4      | Reached skill level 6 in Long Blades
  4725 | D:4      | Noticed Natasha
  4728 | D:4      | Killed Natasha
  4728 | D:4      | Reached XP level 7. HP: 52/52 MP: 7/7
  5026 | D:4      | Noticed Natasha
  5032 | D:4      | Killed Natasha
  5077 | D:5      | Entered Level 5 of the Dungeon
  5412 | D:5      | Noticed Eustachio
  5462 | D:5      | Killed Eustachio
  5462 | D:5      | Reached skill level 7 in Long Blades
  5799 | D:5      | Gained mutation: You are partially covered in large bone plates (AC +2, SH +2). [demonic ancestry]
  5799 | D:5      | Reached XP level 8. HP: 34/58 MP: 8/8
  6090 | D:5      | Noticed Blork the orc
  6109 | D:5      | Killed Blork the orc
  6257 | D:6      | Noticed Ijyb
  6264 | D:5      | Killed Ijyb
  6264 | D:5      | Reached skill level 8 in Long Blades
  6365 | D:5      | Reached skill level 5 in Armour
  6817 | D:5      | Reached skill level 9 in Long Blades
  7611 | D:7      | Reached XP level 9. HP: 63/63 MP: 9/9
  8106 | D:7      | Found a staircase to the Ecumenical Temple.
  8137 | Temple   | Entered the Ecumenical Temple
  8198 | Temple   | Became a worshipper of Kikubaaqudgha
  8554 | D:8      | Reached skill level 1 in Necromancy
  8669 | D:8      | Found a radiant altar of Vehumet.
  8686 | D:8      | Found Qosu's Magic Scroll Shop.
  8698 | D:8      | Bought a scroll of fog for 22 gold pieces
  8698 | D:8      | Bought a scroll of identify for 22 gold pieces
  8737 | D:8      | Found a glowing silver altar of Zin.
  8751 | D:8      | Found a bloodstained altar of Trog.
  8777 | D:8      | Found a basalt altar of Yredelemnul.
  8838 | D:8      | Found a snail-covered altar of Cheibriados.
  8920 | D:8      | Found a blossoming altar of Fedhas.
  9214 | D:9      | Reached skill level 10 in Long Blades
  9359 | D:9      | Found a stormy altar of Qazlal.
  9444 | D:9      | Noticed Erolcha
  9457 | D:9      | Cast into the Abyss (Erolcha)
  9549 | Abyss:1  | Noticed a thrashing horror
  9565 | Abyss:1  | Noticed a smoke demon
  9582 | Abyss:1  | Noticed a daeva
  9894 | Abyss:1  | Noticed a large abomination
  9909 | Abyss:1  | Killed a large abomination
  9909 | Abyss:1  | Reached XP level 10. HP: 4/70 MP: 10/10
  9915 | Abyss:1  | Noticed an efreet
  9919 | Abyss:1  | HP: 1/70 [efreet/bolt of fire (27)]
  9925 | Abyss:1  | HP: 2/70 [efreet/scimitar of flaming (5)]
  9925 | Abyss:1  | Slain by an efreet

Action                   |  1- 3 |  4- 6 |  7- 9 | 10-12 || total
-------------------------+-------+-------+-------+-------++-------
Melee: Falchion          |   105 |   120 |     8 |       ||   233
       Rapier            |       |    73 |   431 |     5 ||   509
       Dagger            |       |       |     5 |       ||     5
Throw: Stone             |    58 |    75 |    12 |       ||   145
       Tomahawk          |       |    10 |    28 |       ||    38
Evoke: Wand              |       |       |     7 |       ||     7
  Use: Scroll            |     6 |     1 |    10 |     1 ||    18
       Potion            |       |     1 |     5 |     4 ||    10
  Eat: Chunk             |     4 |     9 |    15 |       ||    28
       Beef jerky        |       |       |     1 |       ||     1
